 Dungeon Sprint DCSS version 0.18.1-50-g88ac8fd (webtiles) character file.

12000000 Ropoloid1 the Conqueror (level 27, -15/273 HPs)
             Began as a Purple Draconian Berserker on Oct 28, 2016.
             Was the Champion of Makhleb.
             Demolished by a meat berserker
             ... wielding a +9 battleaxe
              (29 damage)
             ... in the Dungeon (Sprint VIII: "Arena of Blood").
             The game lasted 00:11:45 (120 turns).

Ropoloid1 the Conqueror (Purple Draconian Berserker) Turns: 120, Time: 00:11:46

Health: -15/273    AC: 13    Str: 19    XL:     27
Magic:  43/54      EV: 36    Int: 11    God:    Makhleb [******]
Gold:   0          SH:  0    Dex: 21    Spells: 0 memorised, 80 levels left

rFire  . . .     SeeInvis .     i - +∞ Axe of Woe
rCold  . . .     Gourm    .     (armour unavailable)
rNeg   . . .     Faith    .     (shield currently unavailable)
rPois  .         Spirit   .     (helmet restricted)
rElec  .         Dismiss  .     (no cloak)
rCorr  .         Reflect  .     (no gloves)
SustAt .         Harm     .     (no boots)
MR     ++++.     NoTele   +     (no amulet)
Stlth  ++++++++..               (no ring)
                                (no ring)

@: slowed, very slow, incredibly resistant to hostile enchantments,
extraordinarily stealthy
A: breathe power, unfitting armour, cold-blooded, AC +13
a: Breathe Dispelling Energy, Minor Destruction, Lesser Servant of Makhleb,
Major Destruction, Greater Servant of Makhleb, Renounce Religion


You were in the Dungeon.
You worshipped Makhleb.
Makhleb was exalted by your worship.
You were not hungry.

You visited 1 branch

Inventory:

Hand Weapons
 a - a +0 hand axe
 i - the +∞ Axe of Woe (weapon)
   (You found it in the Dungeon)
Scrolls
 h - a scroll of blinking
Potions
 c - a potion of curing
 d - a potion of heal wounds
 e - a potion of haste
 f - 2 potions of magic
 g - a potion of berserk rage
Comestibles
 b - a bread ration


   Skills:
 O Level 27 Fighting
 O Level 27 Axes
 O Level 27 Throwing
 O Level 27 Dodging
 O Level 27 Stealth
 O Level 27 Unarmed Combat
 O Level 27 Spellcasting
 O Level 27 Invocations


You had 80 spell levels left.
You didn't know any spells.

Dungeon Overview and Level Annotations

Branches:
Dungeon (1/1)

Altars:
Makhleb

Annotations:
D The Defiler


Innate Abilities, Weirdness & Mutations

You can breathe bolts of dispelling energy.
Your rich purple scales are hard (AC +13).
Your body does not fit into most forms of armour.
You are cold-blooded and may be slowed by cold attacks.


Message History

You kill the bag of meat!
Makhleb accepts your kill.
You hear a shout! x2
The Defiler throws fire at you.
The fireball explodes!
The fireball engulfs you!
* * * LOW HITPOINT WARNING * * *
The eight-headed meat hydra calls on the powers of darkness!
The eight-headed meat hydra convulses!
The meat berserker convulses!
Your body is wracked with pain!
* * * LOW HITPOINT WARNING * * *
The scourge convulses!
The large bag of meat convulses!
The bag of meat convulses! x3; The Defiler convulses!
The reaper completely misses you.
You hear a shout! x2
A bag of meat comes into view. It is wielding a +9 war axe.
The bag of meat shouts!
You hear a shout! x7
The tyrant gestures wildly while chanting.
The meat berserker hits you with a +9 battleaxe!!
You die...

#.. ..# #.. .o#
.###.% .%###.
..%...###......
....._%.... .
#..%.%# ..%
#_)<)_# .
.oooo#MCD.2#....
.oL.oo)O@S.O...%
..{%X2@###S..%.%
.%###oX ..###.
#.o ..# #M. %#
..z .. ...o oD
....


You could see an accursed, a meat beast, a tyrant, a reaper, an eight-headed
meat hydra, 2 scourges, a large bag of meat (inner flame), a large abomination,
The Defiler, 2 meat berserkers and 9 bags of meat.

Vanquished Creatures
  Sigmund (D)
  6 hell beasts (D)
  7 greater mummies (D)
  6 great orbs of eyes (D)
  5 wraiths (D)
  12 vampire knights (D)
  29 ogres (D)
  6 liches (D)
  5 hydras (D)
  62 orcs (D)
  5 phantoms (D)
  7 hill giants (D)
  9 skeletal warriors (D)
  5 large abominations (D)
  9 small abominations (D)
  15 crawling corpses (D)
189 creatures vanquished.

Vanquished Creatures (others)
  An ogre (D)
  4 orcs (D)
  5 crawling corpses (D)
10 creatures vanquished.

Grand Total: 199 creatures vanquished

Notes
Turn   | Place    | Note
--------------------------------------------------------------
     0 | D        | Ropoloid1 the Draconian Berserker began the quest for the Orb.
     0 | D        | Reached XP level 1. HP: 19/19 MP: 1/1
     3 | D        | Noticed a bag of meat
     3 | D        | Noticed a meat berserker
     3 | D        | Noticed a meat berserker
     4 | D        | Noticed a bag of meat
     4 | D        | Fell from the grace of Trog
     4 | D        | Became a worshipper of Makhleb the Destroyer
     5 | D        | Noticed a bag of meat
     5 | D        | Killed a meat berserker
     5 | D        | Reached XP level 2. HP: 57/57 MP: 2/2
     5 | D        | Reached XP level 3. HP: 64/64 MP: 3/3
     5 | D        | Reached XP level 4. HP: 72/72 MP: 4/4
     5 | D        | Reached XP level 5. HP: 80/80 MP: 5/5
     5 | D        | Reached XP level 6. HP: 88/88 MP: 6/6
     5 | D        | Your scales start taking on a rich purple colour.
     5 | D        | Reached XP level 7. HP: 95/95 MP: 7/7
     5 | D        | Reached XP level 8. HP: 103/103 MP: 8/8
     5 | D        | Reached XP level 9. HP: 111/111 MP: 9/9
     5 | D        | Reached XP level 10. HP: 118/118 MP: 10/10
     5 | D        | Reached XP level 11. HP: 126/126 MP: 11/11
     5 | D        | Reached XP level 12. HP: 134/134 MP: 12/12
     5 | D        | Reached XP level 13. HP: 141/141 MP: 13/13
     6 | D        | Noticed a bag of meat
     6 | D        | Noticed a meat berserker
     6 | D        | Killed a meat berserker
     6 | D        | Reached * piety under Makhleb
     6 | D        | Reached XP level 14. HP: 89/158 MP: 14/14
     7 | D        | Noticed a bag of meat
     7 | D        | Killed a bag of meat
     9 | D        | Killed a bag of meat
     9 | D        | Reached ** piety under Makhleb
     9 | D        | Reached XP level 15. HP: 79/171 MP: 15/15
    10 | D        | Killed a meat berserker
    10 | D        | Reached skill level 27 in Fighting
    12 | D        | Reached *** piety under Makhleb
    12 | D        | Reached skill level 27 in Axes
    12 | D        | Reached XP level 16. HP: 150/183 MP: 16/16
    13 | D        | Reached skill level 27 in Dodging
    16 | D        | Reached **** piety under Makhleb
    16 | D        | Reached skill level 10 in Spellcasting
    16 | D        | Reached skill level 10 in Invocations
    16 | D        | Reached XP level 17. HP: 191/191 MP: 16/31
    18 | D        | Noticed a meat berserker
    22 | D        | Killed a meat berserker
    23 | D        | Noticed a meat berserker
    23 | D        | Reached ***** piety under Makhleb
    23 | D        | Reached skill level 15 in Spellcasting
    23 | D        | Reached skill level 15 in Invocations
    26 | D        | Noticed a large bag of meat
    27 | D        | Noticed a large bag of meat
    27 | D        | Killed a meat berserker
    27 | D        | Reached skill level 15 in Throwing
    27 | D        | Reached XP level 18. HP: 200/200 MP: 18/39
    28 | D        | Noticed a meat berserker
    29 | D        | Killed a meat berserker
    30 | D        | Noticed a large bag of meat
    30 | D        | Noticed a large bag of meat
    30 | D        | Noticed a large bag of meat
    32 | D        | Killed a large bag of meat
    32 | D        | Reached XP level 19. HP: 207/207 MP: 19/43
    33 | D        | Killed a large bag of meat
    34 | D        | Killed a large bag of meat
    35 | D        | Noticed a meat berserker
    35 | D        | Killed a large bag of meat
    36 | D        | Noticed a meat berserker
    36 | D        | Reached ****** piety under Makhleb
    36 | D        | Killed a large bag of meat
    37 | D        | Noticed a meat berserker
    37 | D        | Killed a meat berserker
    37 | D        | Reached XP level 20. HP: 216/216 MP: 20/49
    39 | D        | Noticed a destroyer
    39 | D        | Noticed a meat berserker
    39 | D        | Noticed a meat berserker
    40 | D        | Killed a destroyer
    40 | D        | Reached skill level 27 in Spellcasting
    40 | D        | Reached skill level 27 in Invocations
    40 | D        | Reached XP level 21. HP: 224/224 MP: 21/52
    41 | D        | Reached skill level 27 in Stealth
    41 | D        | Reached skill level 27 in Throwing
    41 | D        | Reached skill level 27 in Unarmed Combat
    42 | D        | Reached XP level 22. HP: 233/233 MP: 21/53
    45 | D        | Reached XP level 23. HP: 240/240 MP: 22/54
    49 | D        | Noticed a destroyer
    50 | D        | Noticed a destroyer
    52 | D        | Noticed a destroyer
    53 | D        | Noticed a tyrant
    53 | D        | Reached XP level 24. HP: 249/249 MP: 24/54
    53 | D        | Noticed a tyrant
    55 | D        | Killed a destroyer
    55 | D        | Killed a tyrant
    55 | D        | Reached XP level 25. HP: 257/257 MP: 25/54
    57 | D        | Noticed an accursed
    59 | D        | Noticed a tyrant
    59 | D        | Killed a tyrant
    59 | D        | Reached XP level 26. HP: 266/266 MP: 26/54
    61 | D        | Killed a destroyer
    63 | D        | Noticed a destroyer
    63 | D        | Killed a destroyer
    63 | D        | Reached XP level 27. HP: 273/273 MP: 27/54
    64 | D        | Noticed a destroyer
    64 | D        | Killed a destroyer
    64 | D        | Killed a tyrant
    68 | D        | Noticed a meat beast
    68 | D        | Noticed a dread
    70 | D        | Noticed a dread
    72 | D        | Noticed an accursed
    72 | D        | Noticed The Captor
    73 | D        | Noticed a destroyer
    73 | D        | Killed a meat beast
    73 | D        | Noticed a meat beast
    74 | D        | Killed a dread
    75 | D        | Noticed a destroyer
    75 | D        | Killed a destroyer
    75 | D        | Killed a destroyer
    76 | D        | Noticed a tyrant
    76 | D        | Killed a meat beast
    77 | D        | Noticed a destroyer
    77 | D        | Killed The Captor
    78 | D        | Noticed a meat beast
    78 | D        | Killed a meat beast
    78 | D        | Killed a destroyer
    79 | D        | Noticed a destroyer
    79 | D        | Killed a dread
    79 | D        | Killed an accursed
    81 | D        | Noticed a dread
    81 | D        | Killed a dread
    82 | D        | Killed a destroyer
    82 | D        | Killed a destroyer
    83 | D        | Noticed a destroyer
    83 | D        | Killed a destroyer
    87 | D        | Noticed a meat beast
    88 | D        | Noticed a dread
    88 | D        | Killed an accursed
    88 | D        | Killed a tyrant
    90 | D        | Noticed an accursed
    91 | D        | Noticed a dread
    92 | D        | Killed a meat beast
    94 | D        | Noticed an accursed
    94 | D        | Noticed a destroyer
    96 | D        | Noticed an accursed
    96 | D        | Killed a dread
    96 | D        | Noticed a tyrant
    97 | D        | Noticed an accursed
    98 | D        | Noticed an accursed
    98 | D        | Noticed a meat beast
   100 | D        | Killed a dread
   101 | D        | Noticed a tyrant
   101 | D        | Killed an accursed
   101 | D        | Killed a destroyer
   103 | D        | Noticed an accursed
   103 | D        | Killed a meat beast
   105 | D        | Killed a tyrant
   106 | D        | Noticed a meat beast
   107 | D        | Killed an accursed
   110 | D        | Killed an accursed
   110 | D        | Killed a tyrant
   111 | D        | Killed a meat beast
   111 | D        | Killed an accursed
   113 | D        | Killed an accursed
   115 | D        | HP: 10/273 [something/fireball (52)]
   118 | D        | Noticed a meat beast
   118 | D        | Noticed a tyrant
   118 | D        | Noticed The Defiler
   120 | D        | Demolished by a meat berserker

Skill      XL: |  1  2  3  4  5  6  7  8  9 10 11 12 13 14 15 16 17 18 19 20 21 |
---------------+----------------------------------------------------------------+-----
Fighting       | 20 23 25 27 | 27.0
Axes           | 18 21 23 27 | 27.0
Dodging        | 17 20 22 25 27 | 27.0
Throwing       | 8 15 17 21 25 27 | 27.0
Stealth        | 9 16 19 23 26 27 | 27.0
Unarmed Combat | 9 16 19 23 26 27 | 27.0
Spellcasting   | 10 17 20 25 27 | 27.0
Invocations    | 10 17 20 25 27 | 27.0

Action                   |  1- 3 |  4- 6 |  7- 9 | 10-12 | 13-15 | 16-18 | 19-21 | 22-24 | 25-27 || total
-------------------------+-------+-------+-------+-------+-------+-------+-------+-------+-------++-------
Melee: Executioner's axe |     1 |       |       |       |     5 |     8 |     9 |    11 |    60 ||    94
 Stab: Distracted        |       |       |       |       |       |       |       |       |     1 ||     1
Armor: Skin              |       |       |       |       |       |       |       |       |     3 ||     3
Dodge: Dodged            |       |       |       |       |       |       |       |       |    16 ||    16
